 Dungeon Crawl Stone Soup version 0.22-a0-32-ga749362 (webtiles) character file.

8463 galech the Grappler (level 11, -2/101 HPs)
             Began as a Troll Monk on Jan 3, 2018.
             Was a High Priest of Okawaru.
             Slain by a freezing wraith (13 damage)
             ... led by a death knight
             ... on level 11 of the Dungeon.
             The game lasted 00:18:10 (8435 turns).

galech the Grappler (Troll Monk)                    Turns: 8435, Time: 00:18:11

Health: -2/101     AC: 13    Str: 24    XL:     11   Next: 10%
Magic:  9/10       EV: 14    Int:  8    God:    Okawaru [*****.]
Gold:   798        SH:  6    Dex: 12    Spells: 10/10 levels left

rFire    . . .     SeeInvis .     - Unarmed
rCold    . . .     Gourm    +   (no shield)
rNeg     . . .     Faith    .   L - +4 robe of the Commoners {MR+ Int+2}
rPois    .         Spirit   .   (helmet restricted)
rElec    .         Reflect  +   F - +0 cloak
rCorr    .         Harm     .   (gloves unavailable)
MR       +....                  (boots unavailable)
Stlth    ++........             x - +6 amulet of reflection
HPRegen  0.66/turn              y - +1 ring of evasion
MPRegen  0.12/turn              E - +3 ring of protection

@: no status effects
A: large, unfitting armour, claws 3, fast metabolism 3, gourmand, regeneration
1, shaggy fur 1, tough skin 2
a: Heroism, Finesse, Renounce Religion


You were on level 11 of the Dungeon.
You worshipped Okawaru.
Okawaru was extremely pleased with you.
You were very full.

You visited 3 branches of the dungeon, and saw 14 of its levels.
You also visited: Ossuary.

You collected 798 gold pieces.

Inventory:

Armour
 F - a +0 cloak (worn)
 L - the +4 robe of the Commoners (worn) {MR+ Int+2}
   (You found it on level 8 of the Dungeon)

   It affects your intelligence (+2).
   It affects your resistance to hostile enchantments.
Jewellery
 x - a +6 amulet of reflection (around neck)
 y - a +1 ring of evasion (left claw)
 E - a +3 ring of protection (right claw)
 N - an uncursed amulet of rage {unknown}
Wands
 s - a wand of polymorph (33)
 B - a wand of paralysis (13)
 G - a wand of random effects (23)
 M - a wand of acid (12)
Scrolls
 d - 2 scrolls of fear
 e - 4 scrolls of random uselessness
 f - 3 scrolls of remove curse
 h - a scroll of enchant weapon
 k - 4 scrolls of enchant armour
 l - 7 scrolls of amnesia
 m - 3 scrolls of teleportation
 n - 8 scrolls of noise
 r - 4 scrolls of immolation
 z - a scroll of fog
 H - 2 scrolls of identify
 I - a scroll of brand weapon
 J - a scroll of magic mapping
Potions
 g - 3 potions of haste {unknown}
 i - a potion of ambrosia {unknown}
 j - 3 potions of magic {unknown}
 o - a potion of agility {unknown}
 p - 6 potions of curing {unknown}
 q - a potion of berserk rage {unknown}
 t - 5 potions of degeneration {unknown}
 u - 3 potions of mutation {unknown}
 v - a potion of might {unknown}
 w - 2 potions of resistance {unknown}
 A - a potion of lignification {unknown}
 C - 3 potions of brilliance {unknown}
 D - 3 potions of heal wounds {unknown}
Books
 c - a Fen Folio

   Spells                             Type                      Level
   a - Corpse Rot                     Necromancy                   2
   b - Stone Arrow                    Conjuration/Earth            3
   c - Leda's Liquefaction            Hexes/Earth                  4
   d - Summon Forest                  Summoning/Translocation      5
   e - Hydra Form                     Transmutation                6
   f - Summon Hydra                   Summoning                    7
 K - a book of Transfigurations

   Spells                             Type                      Level
   a - Irradiate                      Conjuration/Transmutation    5
   b - Statue Form                    Transmutation/Earth          6
   c - Hydra Form                     Transmutation                6
   d - Dragon Form                    Transmutation                7
Comestibles
 a - 2 chunks of flesh
 b - 19 rations


   Skills:
 + Level 4.8 Fighting
 + Level 6.8 Dodging
 + Level 3.8 Stealth
 + Level 13.3 Unarmed Combat


You had 10 spell levels left.
You didn't know any spells.

Dungeon Overview and Level Annotations

Branches:
Dungeon (11/15)            Temple (1/1) D:7             Orc (2/2) D:9
   Lair: D:8-11         Elf: Orc:2

Altars:
Ashenzari
Cheibriados
Dithmenos
Elyvilon
Fedhas
Gozag
Hepliaklqana
Kikubaaqudgha
Makhleb
Nemelex Xobeh
Okawaru
Qazlal
Ru
Sif Muna
Trog
Uskayaw
Vehumet
Wu Jian
Xom
Yredelemnul
Zin
The Shining One

Shops:
Orc:2 :

Annotations:
D:4 1 runed door


Innate Abilities, Weirdness & Mutations

You are too large for most types of armour.
You have claws for hands.
Your metabolism is lightning-fast.
You like to eat raw meat.
Your natural rate of healing is unusually fast.
You are covered in fur. (AC +1)
You have very tough skin. (AC +2)


Message History

You are too injured to fight recklessly!
You are too injured to fight recklessly!
You are too injured to fight recklessly!
You are too injured to fight recklessly!
You are too injured to fight recklessly!
You are too injured to fight recklessly!
You are too injured to fight recklessly!
You are too injured to fight recklessly!
The freezing wraith hits you!
* * * LOW HITPOINT WARNING * * *
The freezing wraith freezes you!!
* * * LOW HITPOINT WARNING * * *
The freezing wraith misses you.
Okay, then.
You feel like a meek peon again.
Found four items.
Found an escape hatch in the floor.
Found a stone staircase leading up.
The freezing wraith hits you but does no damage.
The freezing wraith hits you!
You die...

...............................#
#.................... .........#
#...................# #######..#
#...................# #..#
#.......)...........# #..#
#...................#########..#
...........!......W..W.........#
#...##### #####..W############.#
#.@.# #.# #...# ##########W#
...?.............W#
....[>..............#
#####:<..............#
#................#
#................#
#................# ...........#


You could see 2 freezing wraiths.

Vanquished Creatures
  A death knight (D:11)
  A phantasmal warrior (D:11)
  2 deep elf magi (D:7)
  An ugly thing (D:9)
  Joseph (D:8)
  A merfolk (D:9)
  2 hornets
  A hippogriff (D:8)
  Sigmund (D:3)
  3 yaks (D:10)
  A wyvern (D:9)
  A steam dragon (D:11)
  A water moccasin (D:9)
  Duvessa (D:6)
  A sky beast (D:5)
  4 orc warriors
  2 ice beasts
  A phantom (D:7)
  2 ogres
  The ghost of Squigly the Conjurer, an amateur DrCj (D:3)
  A centaur (D:5)
  A crocodile (D:8)
  8 bullfrogs
  Dowan (D:6)
  4 scorpions
  A wyvern skeleton (D:9)
  7 howler monkeys
  6 crimson imps
  2 centaur zombies
  A bullfrog zombie (D:10)
  3 human zombies (Ossuary)
  3 jellies
  5 orc priests
  A bullfrog skeleton (D:7)
  6 hounds
  11 orc wizards
  3 iguanas
  4 worker ants
  4 mummies (Ossuary)
  8 gnolls
  A worker ant zombie (D:7)
  14 adders
  3 shadow imps
  2 adder zombies
  3 worms
  3 dart slugs
  12 leopard geckos
  37 orcs
  3 ball pythons
  6 bats
  11 giant cockroaches
  A gnoll zombie (Ossuary)
  4 goblins
  3 hobgoblins
  14 jackals
  7 kobolds
  7 quokkas
  7 frilled lizards
  2 hobgoblin zombies (Ossuary)
  A jackal skeleton (D:4)
  A kobold zombie (Ossuary)
  2 leopard gecko skeletons (D:4)
  2 leopard gecko zombies
  An orc zombie (Ossuary)
  2 quokka skeletons
  9 rats
267 creatures vanquished.

Notes
Turn   | Place    | Note
-------+----------+-------------------------------------------
     0 | D:1      | galech the Troll Monk began the quest for the Orb.
     0 | D:1      | Reached XP level 1. HP: 22/22 MP: 0/0
   144 | D:1      | Reached XP level 2. HP: 29/29 MP: 1/1
   729 | D:2      | Reached XP level 3. HP: 36/36 MP: 2/2
   827 | D:2      | Reached skill level 4 in Unarmed Combat
   827 | D:2      | Reached XP level 4. HP: 25/44 MP: 3/3
  1064 | D:2      | Found a shattered altar of Ashenzari.
  1064 | D:2      | Found a white marble altar of Elyvilon.
  1118 | D:2      | Found a shadowy altar of Dithmenos.
  1418 | D:3      | Reached XP level 5. HP: 44/52 MP: 4/4
  1820 | D:3      | Noticed Sigmund
  1831 | D:3      | Killed Sigmund
  1831 | D:3      | Reached skill level 5 in Unarmed Combat
  1831 | D:3      | Reached XP level 6. HP: 55/61 MP: 5/5
  1952 | D:3      | Noticed Squigly's ghost (amateur DrCj)
  2075 | D:3      | Killed Squigly's ghost
  2364 | D:4      | Reached skill level 6 in Unarmed Combat
  2405 | D:4      | Found a radiant altar of Vehumet.
  2405 | D:4      | Found an opulent altar of Gozag.
  2405 | D:4      | Found a basalt altar of Yredelemnul.
  2408 | D:4      | Found a blossoming altar of Fedhas.
  2462 | D:4      | Found a glowing golden altar of the Shining One.
  2462 | D:4      | Found a runed door.
  2462 | D:4      | Noticed an angel
  2487 | D:4      | Reached XP level 7. HP: 67/67 MP: 6/6
  2520 | D:4      | Found a sand-covered staircase.
  2536 | Ossuary  | Entered an ossuary
  2798 | D:4      | Found an ancient bone altar of Kikubaaqudgha.
  3053 | D:5      | Entered Level 5 of the Dungeon
  3064 | D:5      | Reached skill level 7 in Unarmed Combat
  3559 | D:5      | Reached XP level 8. HP: 57/76 MP: 7/7
  3567 | D:5      | Reached skill level 8 in Unarmed Combat
  3800 | D:5      | Found a radiant altar of Vehumet.
  4127 | D:6      | Found a hide-covered altar of Uskayaw.
  4347 | D:6      | Noticed Duvessa
  4347 | D:6      | Noticed Dowan
  4362 | D:6      | Killed Duvessa
  4368 | D:6      | Killed Dowan
  4729 | D:7      | Reached skill level 9 in Unarmed Combat
  4791 | D:7      | Found a radiant altar of Vehumet.
  4791 | D:7      | Noticed a deep elf mage
  4791 | D:7      | Noticed a deep elf mage
  4799 | D:7      | Killed a deep elf mage
  4799 | D:7      | Reached skill level 5 in Dodging
  4799 | D:7      | Reached XP level 9. HP: 36/84 MP: 8/8
  5169 | D:7      | Reached skill level 10 in Unarmed Combat
  5490 | D:7      | Found a staircase to the Ecumenical Temple.
  5498 | Temple   | Entered the Ecumenical Temple
  5537 | Temple   | Became a worshipper of Warmaster Okawaru
  5537 | Temple   | Reached * piety under Okawaru
  5537 | Temple   | Reached ** piety under Okawaru
  5726 | D:7      | Killed a deep elf mage
  5958 | D:8      | Reached skill level 11 in Unarmed Combat
  6045 | D:8      | Got a bloodstained robe
  6056 | D:8      | Identified the +4 robe of the Commoners {MR+ Int+2} (You found it on level 8 of the Dungeon)
  6286 | D:8      | Noticed Joseph
  6296 | D:8      | Killed Joseph
  6296 | D:8      | Reached *** piety under Okawaru
  6296 | D:8      | Reached XP level 10. HP: 83/94 MP: 9/9
  6827 | D:9      | Found a staircase to the Orcish Mines.
  6931 | D:9      | Reached **** piety under Okawaru
  6931 | D:9      | Reached skill level 12 in Unarmed Combat
  7036 | D:9      | Noticed a brown ugly thing
  7054 | D:9      | Killed a brown ugly thing
  7243 | Orc:1    | Entered Level 1 of the Orcish Mines
  7343 | Orc:2    | Entered Level 2 of the Orcish Mines
  7343 | Orc:2    | Found Ejulo's Book Boutique.
  7345 | Orc:2    | Noticed an orc knight
  7528 | D:10     | Entered Level 10 of the Dungeon
  7787 | D:10     | Reached ***** piety under Okawaru
  8295 | D:11     | Reached skill level 13 in Unarmed Combat
  8391 | D:11     | Noticed a death knight
  8391 | D:11     | Noticed a phantasmal warrior
  8413 | D:11     | Killed a phantasmal warrior
  8413 | D:11     | Reached XP level 11. HP: 72/101 MP: 7/10
  8417 | D:11     | Killed a death knight
  8419 | D:11     | HP: 1/101 [freezing wraith[a death knight] (23)]
  8435 | D:11     | Slain by a freezing wraith

Vault maps used:
D:1:      giann_wishing_wells
D:2:      nicolae_dithmenos_through_a_glass_darkly,
          gammafunk_temple_overflow_elements
D:3:      hangedman_decor_slide_cut, uniq_sigmund
D:4:      kiku_gazebo_pond_becter, grunt_temple_overflow_open, first_ration,
          nicolae_ossuary_entry_ruins, lemuel_angel_altar
D:5:      minmay_ruined_shrine
D:6:      old_standard_altar, uniq_duvessa
D:7:      temple_statues, david_defended_altar_elf
D:8:      solitary_fountain, minmay_lizard_king, uniq_joseph
D:9:      orc_0_dummy, hangedman_fish_farm
D:11:     david_lair_shrubbed
Temple:   cyrus_circular_temple
Orc:1:    serial_shops, shop, lightli_orcish_oven, uniq_urug
Orc:2:    st_orc_pillars, serial_shops, nicolae_shop_stone
Ossuary:  ossuary_crypta

Skill      XL: |  1  2  3  4  5  6  7  8  9 10 |
---------------+-------------------------------+-----
Unarmed Combat | 4 5 6 7 9 11 13 | 13.3
Dodging        | 3 4 5 6 |  6.8
Fighting       | 3 4 |  4.8
Stealth        | 2 3 |  3.8

Action                   |  1- 3 |  4- 6 |  7- 9 | 10-12 || total
-------------------------+-------+-------+-------+-------++-------
Melee: Unarmed           |    78 |   134 |   366 |   237 ||   815
       Punch             |     1 |     2 |    15 |    19 ||    37
Invok: Heroism           |       |       |       |     1 ||     1
  Use: Scroll            |       |       |     7 |     6 ||    13
 Stab: Sleeping          |     2 |     3 |     6 |     2 ||    13
       Distracted        |       |       |     1 |     1 ||     2
  Eat: Chunk             |    13 |    15 |    35 |    19 ||    82
Armor: Robe              |    20 |    24 |    67 |    62 ||   173
Dodge: Dodged            |    33 |    57 |   130 |   123 ||   343
Block: Other             |       |       |    68 |    62 ||   130
       Reflection        |       |       |     5 |     2 ||     7

Table legend:
 A = Spawn XP
 B = Non-spawn XP
 C = Spawn XP percentage of total XP
 D = Spawn monster count
 E = Non-spawn monster count
 F = Spawn count percentage of total count
 G = Total turns spent on level
                    A         B        C        D         E        F      G
               +---------+---------+-------+---------+---------+-------+---------
         Total |       0 |   12091 |   0.0 |       0 |     267 |   0.0 |  8435
               +---------+---------+-------+---------+---------+-------+---------
           D:1 |       0 |      39 |   0.0 |       0 |      22 |   0.0 |   726
           D:2 |       0 |     111 |   0.0 |       0 |      30 |   0.0 |   711
           D:3 |       0 |     426 |   0.0 |       0 |      18 |   0.0 |   910
           D:4 |       0 |     251 |   0.0 |       0 |      22 |   0.0 |   562
           D:5 |       0 |     657 |   0.0 |       0 |      20 |   0.0 |   800
           D:6 |       0 |     589 |   0.0 |       0 |      20 |   0.0 |   819
           D:7 |       0 |    2441 |   0.0 |       0 |      27 |   0.0 |  1035
           D:8 |       0 |    1884 |   0.0 |       0 |      44 |   0.0 |   795
           D:9 |       0 |    1595 |   0.0 |       0 |      16 |   0.0 |   633
          D:10 |       0 |    1718 |   0.0 |       0 |      23 |   0.0 |   588
          D:11 |       0 |    1997 |   0.0 |       0 |       8 |   0.0 |   319
         Orc:1 |       0 |     174 |   0.0 |       0 |       3 |   0.0 |   237
         Orc:2 |       0 |       6 |   0.0 |       0 |       2 |   0.0 |    16
       Ossuary |       0 |     203 |   0.0 |       0 |      12 |   0.0 |   233
               +---------+---------+-------+---------+---------+-------+---------
